 Dungeon Crawl Stone Soup version 0.30.0-29-ga12c61a403 (webtiles) character file.

Game seed: 15462621499428888900

533 Sabo the Chopper (level 7, -7/55 HPs)
             Began as a Formicid Monk on June 23, 2023.
             Mangled by an ogre
             ... wielding a +0 giant club
              (21 damage)
             ... on level 4 of the Dungeon.
             The game lasted 00:18:20 (3934 turns).

Sabo the Chopper (Formicid Monk)                    Turns: 3934, Time: 00:18:22

Health: -7/55      AC: 10    Str: 17    XL:     7   Next: 49%
Magic:  7/7        EV: 10    Int: 10    God:
Gold:   191        SH:  0    Dex: 16    Spells: 6/6 levels left

rFire   x . .        r - +4 falchion
rCold   + + .        d - orb {light}
rNeg    . . .        p - +0 ice dragon scales
rPois   +            (helmet unavailable)
rElec   .            (no cloak)
rCorr   .            (no gloves)
SInv    +            (no boots)
Will    .....        (no amulet) Stlth
                     g - ring of poison resistance
HPRegen 0.29/turn    (no ring)
MPRegen 0.10/turn

%: no passive effects
@: glowing
A: permanent stasis, dig shafts and tunnels, antennae 3, four strong arms
a: Dig, Shaft Self


You were on level 4 of the Dungeon.
You visited 1 branch of the dungeon, and saw 4 of its levels.
You also visited: Sewer.

You collected 191 gold pieces.

Inventory:

Hand Weapons
 a - a +0 hand axe
 r - a +4 falchion (weapon)
Armour
 d - an orb of light (worn)
 h - a +0 scale mail
 p - +0 ice dragon scales (worn)
Jewellery
 g - a ring of poison resistance (left hand)
Wands
 b - a wand of light (5)
 k - a wand of iceblast (9)
 n - a wand of polymorph (13)
Scrolls
 f - a scroll of noise {unknown}
 j - a scroll of fear
 l - a scroll of vulnerability {unknown}
Potions
 c - a potion of mutation {unknown}
 e - 2 potions of curing {unknown}
 i - 2 potions of magic {unknown}
 m - 2 potions of heal wounds {unknown}
 o - 2 potions of invisibility {unknown}
 q - 2 potions of brilliance {unknown}


   Skills:
 + Level 4.7 Fighting
 + Level 0.9 Long Blades
 + Level 5.6 Axes
 + Level 3.6 Armour
 + Level 3.4 Dodging
 + Level 1.6 Stealth
 + Level 0.4 Evocations


You had 6 spell levels left.
You didn't know any spells.
Your spell library was empty.

Dungeon Overview and Level Annotations

Branches:
Dungeon (4/15)              Sewer (visited)
 Temple: D:4-7

Altars:
Nemelex Xobeh
Yredelemnul


Innate Abilities, Weirdness & Mutations

You cannot be hasted, slowed, berserked, paralysed or teleported.
You can dig through walls and to a lower floor.
You have a pair of large antennae on your head. (SInv)
Your four strong arms can wield two-handed weapons with a shield.


Message History

The kobold shouts!
The kobold throws a stone.
The stone barely misses you.
The kobold throws a stone.
The stone barely misses you.
You hit the kobold.
You kill the kobold!
Things that are here:
a +0 whip; 3 stones
Found a ruby potion.
Found 2 silvery potions.
m - 2 ruby potions (gained 1)
e - 2 silvery potions A dart slug comes into view.
The dart slug bites you.
You hit the dart slug.
The dart slug is moderately wounded.
The dart slug barely misses you.
You slash the dart slug!
You kill the dart slug!
A hound and an ogre come into view.
The hound stops to sniff the ground.
The ogre barely misses you.
You slash the ogre!
The ogre is moderately wounded.
The ogre hits you with a +0 giant club!
You hit the ogre.
The ogre is heavily wounded.
You hit the ogre.
The ogre is heavily wounded.
The ogre hits you with a +0 giant club!
You completely miss the ogre.
The ogre is heavily wounded.
The ogre hits you with a +0 giant club.
You barely miss the ogre.
The ogre is heavily wounded.
The ogre hits you with a +0 giant club!
* * * LOW HITPOINT WARNING * * *
You slash the ogre!
The ogre is almost dead.
The ogre hits you with a +0 giant club!!
You die...

###########
#....hO@..##
#..#.####..# {##.#
{ { #.# #.# { #.#
##.#########
###....#.....## #.
##.............#...


You could see an ogre and a hound.

Vanquished Creatures
  Pargi (Sewer)
  The ghost of pajopajo the Chopper, an amateur MiCK of Xom (D:3)
  An ogre (D:4)
  A hound (D:4)
  A gnoll bouda (D:4)
  A jelly (D:4)
  An iguana (D:4)
  8 adders
  2 worms
  2 dart slugs
  6 orcs (D:4)
  5 endoplasms
  4 giant cockroaches
  8 hobgoblins
  4 jackals (D:3)
  4 quokkas
  3 ball pythons
  5 bats
  2 frilled lizards (D:2)
  4 goblins
  3 kobolds
  7 rats
74 creatures vanquished.

Notes
Turn   | Place    | Note
-------+----------+-------------------------------------------
     0 | D:1      | Sabo the Formicid Monk began the quest for the Orb.
     0 | D:1      | Reached XP level 1. HP: 18/18 MP: 1/1
   387 | D:1      | Reached XP level 2. HP: 20/24 MP: 2/2
   975 | D:2      | Reached XP level 3. HP: 30/30 MP: 3/3
  2037 | D:3      | Found Distergheoj's Antique Weapon Shoppe.
  2249 | D:3      | Reached XP level 4. HP: 29/37 MP: 4/4
  2409 | D:3      | Found a basalt altar of Yredelemnul.
  2439 | D:3      | Found a sparkling altar of Nemelex Xobeh.
  2464 | D:3      | Reached skill level 1 in Armour
  2496 | D:3      | Found a runed translucent gate.
  2496 | D:3      | Found a runed translucent gate.
  2497 | D:3      | Found a runed translucent gate.
  2502 | D:3      | Noticed pajopajo's ghost (amateur MiCK)
  2841 | D:3      | Killed pajopajo's ghost
  2842 | D:3      | Reached skill level 4 in Axes
  2842 | D:3      | Reached XP level 5. HP: 24/42 MP: 5/5
  2966 | D:4      | Reached XP level 6. HP: 25/48 MP: 6/6
  3023 | D:4      | Reached skill level 5 in Axes
  3113 | D:4      | Reached skill level 1 in Stealth
  3195 | D:4      | Found a glowing drain.
  3203 | Sewer    | Entered a sewer
  3235 | Sewer    | Noticed Pargi
  3252 | Sewer    | Killed Pargi
  3253 | Sewer    | Reached XP level 7. HP: 40/55 MP: 7/7
  3934 | D:4      | Mangled by an ogre

Illustrated notes

Levels and vault maps discovered:
D:1:      eino_arrival_tree_alley, layout_loops_ring, kennysheep_flooded_box,
          hex_tiny, minmay_bisected
D:2:      layout_basic, nicolae_eternal_life
D:3:      layout_loops_ring, mainiacjoe_overflow_catwalk_spiral, serial_shops,
          shop, ebering_ghost_rock_garden
D:4:      minmay_wonky_spiral, layout_rooms, gup_sewer_entry_bubbles,
          minmay_fractal_squares_diagonal_5

Skill      XL: |  1  2  3  4  5  6 |
---------------+-------------------+-----
Dodging        | 3 |  3.4
Armour         | 2 3 |  3.6
Fighting       | 4 |  4.7
Axes           | 4 5 |  5.6
Stealth        | 1 |  1.6
Long Blades    | |  0.9
Evocations     | |  0.4

Action                     |  1- 3 |  4- 6 |  7- 9 || total
---------------------------+-------+-------+-------++-------
  Melee: Hand axe          |    60 |   149 |       ||   209
         Falchion          |       |       |    36 ||    36
  Evoke: Wand              |       |     4 |       ||     4
    Use: Scroll            |     3 |       |     1 ||     4
   Stab: Invisible         |       |     5 |       ||     5
 Armour: Scale mail        |    29 |    43 |       ||    72
         Robe              |     1 |       |       ||     1
         Ice dragon scales |       |       |    15 ||    15
  Dodge: Dodged            |    27 |   105 |    21 ||   153
